 Dungeon Crawl Stone Soup version 0.29-a0-885-gb26ba3297d (webtiles) character file.

Game seed: 3755113922328918111

949 reriks the Shooter (level 7, -1/61 HPs)
             Began as a Minotaur Hunter on July 20, 2022.
             Slain by Edmund
             ... wielding a +1 dire flail of protection
              (11 damage)
             ... on level 5 of the Dungeon.
             The game lasted 00:15:48 (7118 turns).

reriks the Shooter (Minotaur Hunter)                Turns: 7118, Time: 00:15:49

Health: -1/61      AC: 22    Str: 15    XL:     7   Next: 90%
Magic:  6/6        EV:  6    Int:  6    God:
Gold:   135        SH:  0    Dex: 16    Spells: 6/6 levels left

rFire   . . .      SeeInvis .   a - +0 shortbow
rCold   . . .      Faith    .   (shield currently unavailable)
rNeg    . . .      Spirit   .   q - +0 plate armour
rPois   .          Reflect  .   (helmet restricted)
rElec   .          Harm     .   (no cloak)
rCorr   .          Rampage  .   o - +1 pair of gloves
Will    .....                   (no boots)
Stlth   ..........              (no amulet)
HPRegen 0.20/turn               m - +4 ring of protection
MPRegen 0.10/turn               t - +4 ring of protection

@: no status effects
A: horns 2, retaliatory headbutt
a: no special abilities


You were on level 5 of the Dungeon.
You visited 1 branch of the dungeon, and saw 6 of its levels.

You collected 135 gold pieces.

Inventory:

Hand Weapons
 a - a +0 shortbow (weapon)
Missiles
 e - a throwing net
Armour
 c - a +0 leather armour
 g - a +0 pair of gloves
 i - a +0 ring mail
 o - a +1 pair of gloves (worn)
 q - a +0 plate armour (worn)
Jewellery
 j - a ring of ice
 m - a +4 ring of protection (left hand)
 s - a ring of resist corrosion
 t - a +4 ring of protection (right hand)
Scrolls
 b - a scroll of immolation
 k - a scroll of poison
 l - a scroll of noise
 v - a scroll of fog {unknown}
Potions
 d - 3 potions of ambrosia
 f - a potion of haste {unknown}
 h - 2 potions of curing
 n - a potion of resistance
 p - a potion of brilliance {unknown}
 r - a potion of heal wounds {unknown}
 u - a potion of berserk rage {unknown}


   Skills:
 + Level 5.4 Fighting
 + Level 6.1 Ranged Weapons
 + Level 4.5 Armour
 + Level 4.9 Dodging
 + Level 3.6 Stealth


You had 6 spell levels left.
You didn't know any spells.
Your spell library contained the following spells:

 Spells                   Type           Power      Damage    Failure   Level
 Magic Dart               Conj           0%         1d3       100%        1
 Call Imp                 Summ           0%         N/A       100%        2
 Mephitic Cloud           Conj/Pois/Air  0%         N/A       100%        3
 Tukima's Dance           Hex            0%         N/A       100%        3
 Passage of Golubria      Tloc           0%         N/A       100%        4
 Yara's Violent Unravell  Hex/Tmut       0%         3d3       100%        5


Dungeon Overview and Level Annotations

Branches:
Dungeon (6/15)
 Temple: D:4-7

Altars:
Uskayaw

Shops:
D:2 =*=(   D:5 *

Annotations:
D:2 1 runed translucent door, Crazy Yiuf
D:3 Sigmund
D:4 3 runed translucent doors, Hubris850's ghost, amateur KoHu; peter4's ghost, novice OgBe
D:5 Edmund
D:6 Grinder


Innate Abilities, Weirdness & Mutations

You have a pair of horns on your head.
You reflexively headbutt those who attack you in melee.


Message History

Aim: Edmund, wielding a +1 dire flail of protection, wearing a +0 chain mail, quivering stones and carrying a wand of flame (17) (severely wounded, 72% to hit)
You shoot an arrow. The arrow closely misses Edmund.
Edmund hits you but does no damage. x2
Edmund says, "You wouldn't believe how much I paid for this flail."
Edmund throws a stone.
The stone hits you but does no damage.
Fire: a) +0 shortbow
Press: ? - help, Shift-Dir - straight line, f/p - Edmund
Aim: Edmund, wielding a +1 dire flail of protection, wearing a +0 chain mail, quivering stones and carrying a wand of flame (17) (severely wounded, 72% to hit)
You shoot an arrow.
The arrow hits Edmund but does no damage.
Edmund is severely wounded.
Edmund throws a stone.
The stone hits you but does no damage.
Edmund throws a stone.
The stone hits you but does no damage.
Fire: a) +0 shortbow
Press: ? - help, Shift-Dir - straight line, f/p - Edmund
Aim: Edmund, wielding a +1 dire flail of protection, wearing a +0 chain mail, quivering stones and carrying a wand of flame (17) (severely wounded, 72% to hit)
You shoot an arrow.
The arrow hits Edmund but does no damage.
Edmund is severely wounded.
Edmund throws a stone.
The stone hits you.
* * * LOW HITPOINT WARNING * * *
Edmund attacks as you move away!
Edmund hits you with a +1 dire flail of protection.
* * * LOW HITPOINT WARNING * * *
You feel better. Edmund hits you but does no damage.
Fire: a) +0 shortbow
Press: ? - help, Shift-Dir - straight line, f/p - Edmund
Aim: Edmund, wielding a +1 dire flail of protection, wearing a +0 chain mail, quivering stones and carrying a wand of flame (17) (severely wounded, 72% to hit)
You shoot an arrow.
The arrow hits Edmund but does no damage.
Edmund is severely wounded.
Edmund hits you with a +1 dire flail of protection.
* * * LOW HITPOINT WARNING * * *
Edmund hits you but does no damage.
Fire: a) +0 shortbow
Press: ? - help, Shift-Dir - straight line, f/p - Edmund
Aim: Edmund, wielding a +1 dire flail of protection, wearing a +0 chain mail, quivering stones and carrying a wand of flame (17) (severely wounded, 72% to hit)
You shoot an arrow. The arrow barely misses Edmund.
Edmund hits you with a +1 dire flail of protection!
You die...

##......## #....# ##........##
##.... #..........# #....
#.....^....## ##..#
#...........# ### ##...........#
#####.)..........# ####
##................#######..###
#............@@........<......
##......................@......
##..######.........#####......##
##..## #.........# ##(..###
#..## ##........# ###...# ..##
######.....#####.....## [##
##...##########..†.....## .#
#......## ##......##...## .#
#.......####.....######..#


You could see Edmund.

Vanquished Creatures
  A centaur (D:5)
  A phantom (D:4)
  5 scorpions
  A howler monkey (D:5)
  2 hounds
  2 orc priests (D:3)
  A jelly (D:5)
  2 iguanas (D:5)
  An orc wizard (D:4)
  7 gnolls
  6 adders
  2 worms (D:3)
  3 dart slugs
  13 orcs
  6 ball pythons
  5 endoplasms
  2 giant cockroaches
  6 goblins
  6 hobgoblins
  9 jackals
  2 quokkas
  4 bats (D:1)
  3 frilled lizards
  10 kobolds
  4 rats
104 creatures vanquished.

Notes
Turn   | Place    | Note
-------+----------+-------------------------------------------
     0 | D:1      | reriks the Minotaur Hunter began the quest for the Orb.
     0 | D:1      | Reached XP level 1. HP: 18/18 MP: 0/0
   108 | D:1      | Reached skill level 1 in Stealth
   161 | D:1      | Reached XP level 2. HP: 25/25 MP: 1/1
   274 | D:1      | Found a faded altar of an unknown god.
   581 | D:1      | Reached XP level 3. HP: 29/30 MP: 2/2
   976 | D:2      | Found Yreomis's Antique Weapon Shoppe.
  1039 | D:2      | Reached skill level 1 in Armour
  1110 | D:2      | Found a runed translucent door.
  1111 | D:2      | Noticed Crazy Yiuf
  1268 | D:2      | Found Rigitzoa's Jewellery Emporium.
  1307 | D:2      | Found Beket's Jewellery Emporium.
  1334 | D:2      | Found Coruitok's Assorted Antiques.
  1555 | D:3      | Noticed a scorpion
  1829 | D:3      | Reached XP level 4. HP: 27/38 MP: 3/3
  1937 | D:3      | Noticed Sigmund
  2064 | D:3      | Reached skill level 5 in Ranged Weapons
  2238 | D:3      | Reached XP level 5. HP: 45/45 MP: 4/4
  2435 | D:3      | Noticed an ogre
  2610 | D:3      | Noticed a +0 short sword
  2611 | D:3      | Noticed a +0 dagger
  2612 | D:3      | Noticed a +0 falchion
  2612 | D:3      | Noticed a +0 dagger
  2612 | D:3      | Noticed a +0 spear
  2613 | D:3      | Noticed a +0 spear
  2613 | D:3      | Noticed a +0 falchion
  2613 | D:3      | Noticed a +0 short sword
  2616 | D:3      | Found a hide-covered altar of Uskayaw.
  2616 | D:3      | Noticed an ogre
  3475 | D:4      | Reached XP level 6. HP: 43/52 MP: 5/5
  4054 | D:4      | Found a runed translucent gate.
  4054 | D:4      | Found a runed translucent gate.
  4056 | D:4      | Found a runed translucent gate.
  4058 | D:4      | Noticed Hubris850's ghost (amateur KoHu)
  4058 | D:4      | Noticed peter4's ghost (novice OgBe)
  4500 | D:5      | Entered Level 5 of the Dungeon
  4555 | D:5      | Reached XP level 7. HP: 60/60 MP: 6/6
  4586 | D:5      | Noticed Edmund
  4964 | D:5      | Reached skill level 5 in Fighting
  5120 | D:5      | Reached skill level 6 in Ranged Weapons
  5159 | D:5      | Found Kohyust's Gadget Gallery.
  5919 | D:6      | Noticed Grinder
  7118 | D:5      | Slain by Edmund

Illustrated notes

Levels and vault maps discovered:
D:1:      shiori_arrival_oz, layout_basic, ebering_ecumenical_altar_petrified
D:2:      layout_basic, serial_shops, shop, shop, shop, nicolae_square_shop,
          uniq_crazy_yiuf_cottage
D:3:      layout_loops_ring, tso_altar, nicolae_uskayaw_en_pointe,
          minmay_cut_off, uniq_sigmund
D:4:      layout_basic, gammafunk_ghost_cemetery, minmay_misc_feat_tiny,
          chequers_serial_rivers_small_3, minmay_between
D:5:      layout_layer_cave, nicolae_shop_gadgets, uniq_edmund
D:6:      layout_basic, uniq_grinder, uniq_blork_the_orc, uniq_pikel

Skill      XL: |  1  2  3  4  5  6  7 |
---------------+----------------------+-----
Stealth        | 1 2 3 |  3.6
Armour         | 1 2 3 4 |  4.5
Fighting       | 3 4 5 |  5.4
Dodging        | 3 4 |  4.9
Ranged Weapons | 5 6 |  6.1

Action                   |  1- 3 |  4- 6 |  7- 9 || total
-------------------------+-------+-------+-------++-------
 Fire: Shortbow          |   110 |   164 |   136 ||   410
  Use: Scroll            |       |     4 |     4 ||     8
       Potion            |       |     1 |     2 ||     3
Armor: Leather armour    |     4 |       |       ||     4
       Ring mail         |    10 |    27 |       ||    37
       Skin              |       |     7 |       ||     7
       Plate armour      |       |     8 |   119 ||   127
Dodge: Dodged            |    25 |    58 |    43 ||   126

Table legend: (Time is in decaauts)
 A = Elapsed time spent in this place.
 B = Non-inter-level travel time spent in this place.
 C = Inter-level travel time spent in this place.
 D = Time resting spent in this place.
 E = Time spent auto-exploring this place.
 F = Levels seen in this place.
 G = Mean time per level.
                   A        B        C        D        E       F      G
               +--------+--------+--------+--------+--------+-----+--------+
         Total |   7348 |   6637 |    711 |   2651 |   2662 |   6 | 1224.7 |
       Dungeon |   7348 |   6637 |    711 |   2651 |   2662 |   6 | 1224.7 |
               +--------+--------+--------+--------+--------+-----+--------+

Top non-repeatable levels by time:
     D:4: 1929 daAuts
     D:3: 1868 daAuts
     D:5: 1685 daAuts
     D:2: 961 daAuts
     D:1: 901 daAuts
     D:6: 1 daAuts
